 Dungeon Crawl Stone Soup version 0.21-a0-91-ga5031da (webtiles) character file.

10881 Ordine the Carver (level 11, 0/81 HPs)
             Began as an Octopode Fighter on June 28, 2017.
             Was a High Priest of Okawaru.
             Slain by BearDestroyer's ghost (30 damage)
             ... on level 1 of the Lair of Beasts.
             The game lasted 00:36:47 (14340 turns).

Ordine the Carver (Octopode Fighter)               Turns: 14340, Time: 00:36:47

Health: 0/81       AC:  1    Str: 24    XL:     11   Next: 69%
Magic:  0/11       EV: 13    Int: 14    God:    Okawaru [*****.]
Gold:   49         SH: 12    Dex: 15    Spells: 5/10 levels left

rFire    . . .     SeeInvis .   c - +4 scimitar "Sosal" {venom, Str+4}
rCold    . . .     Gourm    .   b - +0 shield
rNeg     . . .     Faith    .   (helmet restricted)
rPois    +         Spirit   +   f - amulet of guardian spirit
rElec    .         Reflect  .   y - ring of the Mage {Wiz MR++ Int+3}
rCorr    .         Harm     .   k - ring of flight
MR       ++...                  G - ring of poison resistance
Stlth    ++........             (no ring)
HPRegen  0.23/turn              (no ring)
MPRegen  0.12/turn              (no ring)
                                (no ring)
                                (no ring)

@: mighty
A: almost no armour, stealthy swim, amphibious, 8 rings, constrict 8, camouflage
1, gelatinous body 1
a: Heroism, Finesse, Renounce Religion, Evoke Flight


You were on level 1 of the Lair of Beasts.
You worshipped Okawaru.
Okawaru was extremely pleased with you.
You were not hungry.

You visited 3 branches of the dungeon, and saw 13 of its levels.
You also visited: Sewer and Ossuary.

You collected 882 gold pieces.
You spent 833 gold pieces at shops.

Inventory:

Hand Weapons
 c - the +4 scimitar "Sosal" (weapon) {venom, Str+4}
   (Okawaru gifted it to you on level 9 of the Dungeon)

   It poisons the flesh of those it strikes.
   It affects your strength (+4).
Armour
 b - a +0 shield (worn)
Magical Staves
 l - an uncursed staff of power
 F - an uncursed staff of wizardry
Jewellery
 f - an amulet of guardian spirit (around mantle)
 k - a ring of flight (right tentacle)
 y - the ring of the Mage (left tentacle) {Wiz MR++ Int+3}
   (You found it in a sewer)

   [ring of wizardry]

   It improves your spell success rate.
   It affects your intelligence (+3).
   It affects your resistance to hostile enchantments.
 G - a ring of poison resistance (on tentacle)
Wands
 a - a wand of flame (31/48)
 j - a wand of confusion (26/48)
 D - a wand of polymorph (8/24)
 J - a wand of paralysis (19/24)
Scrolls
 n - 7 scrolls of recharging
 r - 7 scrolls of remove curse
 s - 2 scrolls of enchant weapon
 t - 4 scrolls of fear
 u - 3 scrolls of immolation
 v - 7 scrolls of fog
 w - 6 scrolls of teleportation
 x - 2 scrolls of blinking
 K - a scroll of vulnerability
 L - a scroll of identify
 M - a scroll of amnesia
Potions
 e - 5 potions of heal wounds
 h - 2 potions of brilliance
 i - 5 potions of curing
 m - 5 potions of flight
 p - a potion of invisibility
 q - 3 potions of lignification
 z - 2 potions of magic
 A - 2 potions of might
 B - a potion of haste
 E - a potion of resistance
 H - a potion of mutation
Books
 g - a book of Flames

   Spells                             Type                      Level
   a - Flame Tongue                   Conjuration/Fire             1
   b - Throw Flame                    Conjuration/Fire             2
   c - Conjure Flame                  Conjuration/Fire             3
   d - Inner Flame                    Hexes/Fire                   3
   e - Sticky Flame                   Conjuration/Fire             4
   f - Fireball                       Conjuration/Fire             5
Comestibles
 d - 4 bread rations
 o - 8 royal jellies
 C - 4 meat rations


   Skills:
 + Level 9.6 Fighting
 * Level 12.6 Long Blades
 + Level 3.3 Dodging
 + Level 9.6 Shields


You had 5 spell levels left.
You knew the following spells:

 Your Spells              Type           Power        Failure   Level  Hunger
a - Fireball              Conj/Fire      #.........   99%         5    ######.


Dungeon Overview and Level Annotations

Branches:
Dungeon (11/15)            Temple (1/1) D:6            Lair (1/6) D:8
    Orc: D:9-12

Altars:
Ashenzari
Cheibriados
Dithmenos
Elyvilon
Fedhas
Gozag
Hepliaklqana
Kikubaaqudgha
Makhleb
Nemelex Xobeh
Okawaru
Qazlal
Ru
Sif Muna
Trog
Uskayaw
Vehumet
Wu Jian
Xom
Yredelemnul
Zin
The Shining One

Shops:
D:9 [   D:10 ?

Annotations:
Lair:1 BearDestroyer's ghost, journeyman TrBe


Innate Abilities, Weirdness & Mutations

You cannot wear most types of armour.
You are very stealthy in the water. (Stealth+)
You are amphibious.
You can wear up to eight rings at the same time.
You can use your tentacles to constrict eight enemies at once.
Your skin changes colour to match your surroundings (Stealth+).
Your rubbery body absorbs attacks. (AC +1, EV +1)


Message History

You block BearDestroyer's ghost's attack.
You completely miss BearDestroyer's ghost.
BearDestroyer's ghost is moderately damaged.
BearDestroyer's ghost screams in joy, "As in life, so in death: Kill!
Kill!!
Kill!!!"
BearDestroyer's ghost hits you!!!
You feel like a meek peon again.
You feel very mighty all of a sudden.
You block BearDestroyer's ghost's attack.
You barely miss BearDestroyer's ghost.
BearDestroyer's ghost is moderately damaged.
BearDestroyer's ghost hits you but does no damage.
You slash BearDestroyer's ghost! You squeeze BearDestroyer's ghost.
BearDestroyer's ghost is heavily damaged.
You slash BearDestroyer's ghost!
BearDestroyer's ghost is severely damaged.
BearDestroyer's ghost hits you.
You completely miss BearDestroyer's ghost.
BearDestroyer's ghost is severely damaged.
BearDestroyer's ghost hits you!!
You die...

## #####
####P######..#.###
#.................
#.................
#.................
#.................
#......W...........
#..###@#####...#...
#..##.####.###.##..####
#......................
#......................
#......................
#......................
#......................
#.....................#
#......................


You could see BearDestroyer's ghost.

Vanquished Creatures
  A two-headed ogre (D:9)
  The ghost of ciphuk the Cleaver, a novice DDEE of Makhleb (D:9)
  A centaur zombie (D:10)
  A troll (D:11)
  The ghost of Deemzul the Slasher, an amateur DsFi (D:4)
  Grinder (D:3)
  3 hippogriffs
  4 hogs (D:7)
  A shadow (D:9)
  10 yaks
  A human (D:7)
  A basilisk (Lair:1)
  Grum (D:8)
  2 hungry ghosts
  2 water moccasins
  3 black bears
  3 ice beasts
  3 orc warriors
  2 sky beasts
  3 wolves (D:8)
  A necrophage (D:6)
  2 phantoms
  3 centaurs
  6 ogres
  A crocodile (Lair:1)
  A water moccasin zombie (D:5)
  7 bullfrogs
  3 scorpions
  A water moccasin skeleton (D:5)
  10 killer bees
  3 howler monkeys
  3 crimson imps
  4 jellies
  A bullfrog skeleton (D:8)
  5 orc priests
  5 hounds
  7 orc wizards
  An iguana (D:8)
  9 worker ants
  Ijyb (D:3)
  2 big kobold zombies (Ossuary)
  8 mummies (Ossuary)
  3 gnolls (D:3)
  14 adders
  2 howler monkey skeletons
  7 river rats (Sewer)
  2 shadow imps
  11 oozes
  An adder zombie (D:7)
  4 worms
  3 dart slugs
  4 leopard geckos
  28 orcs
  6 giant cockroaches
  A gnoll zombie (Ossuary)
  5 goblins
  2 hobgoblins
  19 jackals
  6 quokkas
  13 ball pythons
  8 bats
  6 frilled lizards
  19 kobolds
  A kobold zombie (Ossuary)
  4 orc zombies (Ossuary)
  28 rats
  2 fungi (D:2)
328 creatures vanquished.

Vanquished Creatures (others)
  3 fungi
  7 toadstools (D:4)
10 creatures vanquished.

Grand Total: 338 creatures vanquished

Notes
Turn   | Place    | Note
-------+----------+-------------------------------------------
     0 | D:1      | Ordine the Octopode Fighter began the quest for the Orb.
     0 | D:1      | Reached XP level 1. HP: 16/16 MP: 1/1
   228 | D:1      | Reached XP level 2. HP: 8/21 MP: 2/2
   712 | D:2      | Reached XP level 3. HP: 26/26 MP: 3/3
   904 | D:2      | Reached skill level 3 in Long Blades
  1277 | D:2      | Reached XP level 4. HP: 31/31 MP: 4/4
  1301 | D:2      | Found an iron altar of Okawaru.
  1408 | D:2      | Became a worshipper of Warmaster Okawaru
  1611 | D:3      | Noticed Ijyb
  1629 | D:3      | Killed Ijyb
  1847 | D:3      | Noticed Grinder
  1855 | D:3      | Killed Grinder
  1855 | D:3      | Reached * piety under Okawaru
  1855 | D:3      | Reached skill level 4 in Long Blades
  1855 | D:3      | Reached XP level 5. HP: 9/37 MP: 0/5
  1855 | D:3      | Reached XP level 6. HP: 11/43 MP: 0/6
  2278 | D:3      | Found a shattered altar of Ashenzari.
  2311 | D:3      | Reached skill level 5 in Long Blades
  2375 | D:3      | Found a burning altar of Makhleb.
  2376 | D:3      | Found a shimmering altar of Xom.
  2531 | D:4      | Noticed Deemzul's ghost (amateur DsFi)
  2541 | D:4      | Killed Deemzul's ghost
  2541 | D:4      | Reached skill level 5 in Fighting
  2541 | D:4      | Reached XP level 7. HP: 49/50 MP: 7/7
  2587 | D:4      | Reached skill level 5 in Shields
  2670 | D:4      | Found a sand-covered staircase.
  2679 | Ossuary  | Entered an ossuary
  2728 | Ossuary  | Reached skill level 6 in Long Blades
  2734 | Ossuary  | Reached ** piety under Okawaru
  3236 | D:4      | Found Huoham's Magic Scroll Boutique.
  3251 | D:4      | Bought 2 scrolls of identify for 40 gold pieces
  3251 | D:4      | Bought a scroll of remove curse for 30 gold pieces
  3251 | D:4      | Bought a scroll of remove curse for 30 gold pieces
  3251 | D:4      | Bought a scroll of enchant weapon for 75 gold pieces
  3251 | D:4      | Bought 3 scrolls of fear for 105 gold pieces
  3251 | D:4      | Bought a scroll of immolation for 35 gold pieces
  3251 | D:4      | Bought a scroll of identify for 20 gold pieces
  3251 | D:4      | Bought a scroll of fear for 35 gold pieces
  3251 | D:4      | Bought a scroll of identify for 20 gold pieces
  3251 | D:4      | Bought 3 scrolls of fog for 60 gold pieces
  3251 | D:4      | Bought a scroll of recharging for 95 gold pieces
  3411 | D:4      | Reached XP level 8. HP: 49/55 MP: 6/8
  3663 | D:5      | Entered Level 5 of the Dungeon
  3701 | D:5      | Reached skill level 7 in Long Blades
  3727 | D:5      | Found a hide-covered altar of Uskayaw.
  3849 | D:5      | Found a glowing drain.
  3863 | Sewer    | Entered a sewer
  4473 | Sewer    | Reached *** piety under Okawaru
  5392 | D:6      | Reached skill level 8 in Long Blades
  5401 | D:6      | Noticed a hippogriff
  5423 | D:5      | Reached XP level 9. HP: 10/62 MP: 1/9
  6204 | D:6      | Found a staircase to the Ecumenical Temple.
  6214 | Temple   | Entered the Ecumenical Temple
  6907 | D:6      | Found a deep blue altar of Sif Muna.
  6913 | D:6      | Reached skill level 9 in Long Blades
  6923 | D:6      | Found an ancient bone altar of Kikubaaqudgha.
  6935 | D:6      | Found a radiant altar of Vehumet.
  7004 | D:6      | Reached **** piety under Okawaru
  7198 | D:6      | Found a deep blue altar of Sif Muna.
  7872 | D:7      | Reached skill level 10 in Long Blades
  7872 | D:7      | Reached XP level 10. HP: 49/71 MP: 6/10
  8246 | D:7      | Noticed a cyclops
  8568 | D:7      | HP: 1/72 [cyclops/large rock (37)]
  8816 | D:7      | Reached ***** piety under Okawaru
  9378 | D:7      | Cyclop roaming
  9997 | D:8      | Noticed Grum
 10010 | D:8      | Killed Grum
 10263 | D:8      | Reached skill level 11 in Long Blades
 10653 | D:8      | Found a staircase to the Lair.
 10877 | D:9      | Found Jofo's Armour Shop.
 11455 | D:9      | Found a white marble altar of Elyvilon.
 11665 | D:9      | Found a bloodstained altar of Trog.
 11668 | D:9      | Found a shattered altar of Ashenzari.
 11672 | D:9      | Found a shadowy altar of Dithmenos.
 11677 | D:9      | Found a sacrificial altar of Ru.
 11691 | D:9      | Found an opulent altar of Gozag.
 11710 | D:9      | Noticed a two-headed ogre
 11755 | D:9      | Noticed ciphuk's ghost (novice DDEE)
 11775 | D:9      | Killed a two-headed ogre
 11775 | D:9      | Reached XP level 11. HP: 51/80 MP: 7/11
 11789 | D:9      | Killed ciphuk's ghost
 11789 | D:9      | Received a gift from Okawaru
 11792 | D:9      | Got a transparent scimitar {god gift}
 11857 | D:9      | Identified the +4 scimitar "Sosal" {venom, Str+4} (Okawaru gifted it to you on level 9 of the Dungeon)
 12120 | D:10     | Entered Level 10 of the Dungeon
 12164 | D:10     | Reached skill level 12 in Long Blades
 13028 | D:10     | Found Nuuvvana's Magic Scroll Shop.
 13032 | D:10     | Bought a scroll of identify for 24 gold pieces
 13032 | D:10     | Bought a scroll of remove curse for 36 gold pieces
 13032 | D:10     | Bought a scroll of identify for 24 gold pieces
 13032 | D:10     | Bought a scroll of identify for 24 gold pieces
 13032 | D:10     | Bought a scroll of identify for 24 gold pieces
 13032 | D:10     | Bought a scroll of recharging for 114 gold pieces
 13032 | D:10     | Bought a scroll of amnesia for 42 gold pieces
 13511 | D:11     | Noticed a skeletal warrior
 13511 | D:11     | Noticed a skeletal warrior
 13511 | D:11     | Noticed a skeletal warrior
 13511 | D:11     | Noticed a skeletal warrior
 13648 | Lair:1   | Entered Level 1 of the Lair of Beasts
 13888 | Lair:1   | Received a gift from Okawaru
 14283 | Lair:1   | Learned a level 5 spell: Fireball
 14318 | Lair:1   | Noticed BearDestroyer's ghost (journeyman TrBe)
 14340 | Lair:1   | Slain by BearDestroyer's ghost

Vault maps used:
D:1:      matt_arrival_diagonals
D:2:      overflow_temple_1_default, minmay_gold_behind_fungi,
          corexii_item_surrounded_by_moat
D:3:      grunt_temple_overflow_champion_of_chaos, cheibrodos_ashenzari_chains,
          uniq_ijyb, uniq_grinder
D:4:      cheibrodos_fertilizer, nicolae_ossuary_entry_ruins, serial_shops,
          shop_scrolls, st_stairs_7
D:5:      lemuel_crystal_altar, first_bread, cheibrodos_sewer_entry_bend,
          kennysheep_doodads
D:6:      palyth_temple_overflow_mages, minmay_temple_entry_mist, led_sif_pool
D:7:      grunt_livestock
D:8:      lair_entry_dummy, minmay_misc_feat_doors, uniq_grum
D:9:      minitemple, kennysheep_mini_moat, serial_shops, shop,
          minmay_misc_feat_ornament, nrook_uturn
D:10:     serial_shops, shop
D:11:     orc_0_dummy
Temple:   jpeg_temple_island
Lair:1:   st_stairs_4, worms_lemuel, grunt_megastairs_5, serial_bayou_shore_a,
          infiniplex_staircase_pool_2
Sewer:    sewer_minmay_w
Ossuary:  ossuary_tomb_3

Skill      XL: |  1  2  3  4  5  6  7  8  9 10 11 |
---------------+----------------------------------+-----
Long Blades    | 3 4 5 6 8 10 11 12 | 12.6
Fighting       | 4 5 6 7 9 |  9.6
Shields        | 4 5 6 7 9 |  9.6
Dodging        | |  3.3

Action                   |  1- 3 |  4- 6 |  7- 9 | 10-12 || total
-------------------------+-------+-------+-------+-------++-------
Melee: Long sword        |    47 |    88 |   337 |   257 ||   729
       Constrict         |    13 |    25 |    80 |    56 ||   174
       Tentacles         |     7 |    22 |    88 |   114 ||   231
       Scimitar          |       |       |       |   107 ||   107
Invok: Heroism           |       |       |       |     1 ||     1
Evoke: Wand              |       |     1 |       |       ||     1
  Use: Scroll            |     4 |     2 |    12 |     5 ||    23
       Potion            |       |     6 |     5 |     6 ||    17
 Stab: Sleeping          |     7 |     1 |    10 |     8 ||    26
       Invisible         |       |       |       |     2 ||     2
  Eat: Chunk             |     1 |     4 |    12 |    11 ||    28
       Bread ration      |       |       |     1 |     4 ||     5
Armor: Skin              |     3 |     6 |    63 |    13 ||    85
Dodge: Dodged            |    16 |    53 |   116 |   104 ||   289
Block: Shield            |    10 |    36 |   170 |   131 ||   347
       Rpst.: Long sword |     3 |    10 |    38 |    29 ||    80
       Scimitar          |       |       |       |     5 ||     5
